AoeStats
← a.l.a.n.t

MegaRandom

505086434Analyzed
2v2 RM · 24d ago on Sep 7, 2026· 40m 59s· 4 players
Game mode
Random Map
Map size
Medium (4 player)
Population
200
Speed
Normal
Resources
Standard
Victory
Conquest
Starting age
Dark Age
Ending age
Imperial Age
RankedLock teamsTeams togetherTeam positionsShared explorationLock speedFull tech treeHidden civsTurbo modeCheats
Victory
Defeat
🇸🇪 Teutons · Sweden
1295
+13
🇸🇪 Persians · Sweden
1275
+14
🇬🇧 Britons · United Kingdom
1286
-15
🇮🇶 Tupi · Iraq
1182
-12
a.l.a.n.t
8:18 Loom
10:41 Feudal Age
14:52 Castle Age
14:49 Fletching
15:15 Crossbowman
18:58 Bodkin Arrow
19:59 Double-Bit Axe
21:39 Horse Collar
31:56 Imperial Age
30:29 Ballistics
30:14 Padded Archer Armor
32:40 Bracer
32:53 Arbalester
35:34 Chemistry
aryaszahir958
3:52 Loom
10:18 Feudal Age
11:37 Champi Runner
13:43 Scale Mail Armor
19:53 Horse Collar
19:59 Double-Bit Axe
25:58 Castle Age
25:39 Stone Mining
29:05 Gold Mining
29:55 Heavy Plow
29:19 Pikeman
30:52 Bow Saw
31:17 Gold Shaft Mining
31:24 Chain Mail Armor
34:10 Wheelbarrow
33:51 Squires
40:10 Imperial Age
37:23 Champi Warrior
40:43 Fletching
Vuldemon
6:33 Loom
9:54 Feudal Age
15:59 Castle Age
23:09 Horse Collar
23:18 Double-Bit Axe
23:48 Scale Barding Armor
27:20 Bow Saw
34:48 Imperial Age
34:16 Chain Barding Armor
34:07 Forging
33:58 Heavy Plow
34:22 Bloodlines
34:19 Husbandry
34:33 Cavalier
36:26 Gold Mining
36:58 Savar
38:57 Plate Barding Armor
39:29 Iron Casting
42:33 Blast Furnace
Squirrel of DEATH
6:45 Loom
10:24 Feudal Age
10:53 Double-Bit Axe
16:33 Castle Age
15:18 Scale Barding Armor
16:35 Forging
25:26 Horse Collar
26:24 Heavy Plow
29:42 Wheelbarrow
29:33 Bow Saw
31:19 Hand Cart
35:11 Imperial Age
32:46 Fletching
32:57 Padded Archer Armor
32:19 Elite Skirmisher
33:05 Town Watch
33:59 Bodkin Arrow
34:26 Ballistics
34:18 Masonry
35:17 Leather Archer Armor
36:27 Ring Archer Armor
36:59 Chemistry
40:50 Onager
Connection lost

Rejoining the realm…

Still unreachable

The connection could not be restored.

Session expired

The server has moved on; the page needs a fresh start.